 Dungeon Crawl Stone Soup version 0.29.1-15-g9cfb28693d (webtiles) character file.

Game seed: 11107253067228162632

370 jtron the Charlatan (level 6, 0/51 HPs)
             Began as a Gnoll Wanderer on Mar 21, 2023.
             Was a Follower of Elyvilon.
             Slain by a gnoll
             ... wielding a +0 spear
             ... led by a gnoll bouda
              (6 damage)
             ... on level 4 of the Dungeon.
             The game lasted 00:05:25 (2323 turns).

jtron the Charlatan (Gnoll Wanderer)                Turns: 2323, Time: 00:05:26

Health: 0/51       AC: 12    Str: 17    XL:     6   Next: 70%
Magic:  9/9        EV:  9    Int:  9    God:    Elyvilon [*.....]
Gold:   155        SH:  0    Dex: 16    Spells: 9/9 levels left

rFire   + . .      SeeInvis .   a - +3 spear
rCold   . . .      Faith    .   (no shield)
rNeg    . . .      Spirit   .   n - +3 chain mail {rF+}
rPois   .          Reflect  .   (no helmet)
rElec   .          Harm     .   f - +0 cloak
rCorr   .          Rampage  .   (no gloves)
Will    .....                   (no boots)
Stlth   ..........              (no amulet)
HPRegen 0.17/turn               i - +6 ring of strength
MPRegen 0.11/turn               (no ring)

@: brilliant, flying
A: fangs 1, strong nose, distributed training
a: Renounce Religion, Purification


You were on level 4 of the Dungeon.
You worshipped Elyvilon.
Elyvilon was aware of your devotion.
You visited 1 branch of the dungeon, and saw 4 of its levels.

You collected 155 gold pieces.

Inventory:

Hand Weapons
 a - a +3 spear (weapon)
 b - a +3 sling
Missiles
 g - 37 stones (quivered)
 q - 9 poisoned darts
Armour
 d - a +0 leather armour
 f - a +0 cloak (worn)
 n - a +3 chain mail of fire resistance (worn)
Jewellery
 i - a +6 ring of strength (left hand)
 l - a ring of magical power
 p - a ring of protection from fire
 v - an amulet of guardian spirit
Wands
 s - a wand of flame (14)
Scrolls
 c - a scroll of silence
 e - 5 scrolls of identify {unknown}
 k - 2 scrolls of blinking {unknown}
 o - a scroll of summoning {unknown}
 t - a scroll of vulnerability {unknown}
 u - 2 scrolls of fear {unknown}
Potions
 j - 2 potions of cancellation


   Skills:
 + Level 5.1 Fighting
 + Level 2.1 Short Blades
 + Level 2.1 Long Blades
 + Level 2.1 Axes
 + Level 2.1 Maces & Flails
 + Level 5.1 Polearms
 + Level 2.1 Staves
 + Level 5.1 Ranged Weapons
 + Level 2.1 Throwing
 + Level 2.1 Armour
 + Level 5.1 Dodging
 + Level 2.1 Stealth
 + Level 2.1 Shields
 + Level 2.1 Unarmed Combat
 + Level 2.1 Spellcasting
 + Level 1.7 Conjurations
 + Level 1.7 Hexes
 + Level 1.7 Summonings
 + Level 1.7 Necromancy
 + Level 1.7 Translocations
 + Level 1.7 Transmutations
 + Level 1.7 Fire Magic
 + Level 1.7 Ice Magic
 + Level 1.7 Air Magic
 + Level 1.7 Earth Magic
 + Level 1.7 Poison Magic
 + Level 2.4 Invocations
 + Level 5.1 Evocations


You had 9 spell levels left.
You didn't know any spells.
Your spell library contained the following spells:

 Spells                   Type           Power      Damage    Failure   Level
 Scorch                   Fire           12%        2d6       98%         2
 Flame Wave               Conj/Fire      6%         2d5       100%        4
 Summon Cactus Giant      Summ           3%         N/A       100%        6


Dungeon Overview and Level Annotations

Branches:
Dungeon (4/15)
 Temple: D:4-7

Altars:
Elyvilon
Gozag
Hepliaklqana
Kikubaaqudgha
Ru


Innate Abilities, Weirdness & Mutations

You have very sharp teeth.
Your uncanny sense of smell can sniff out nearby items.
Your experience applies equally to all skills.


Message History

You hit the gnoll bouda. Your bite misses the gnoll bouda.
The gnoll bouda is almost dead.
The gnoll bouda calls upon its god to heal the gnoll.
The gnoll is healed somewhat.
You barely miss the gnoll bouda.
The gnoll bouda is almost dead.
The gnoll bouda barks out a call to the hunt!
The gnoll picks up the pace!
You barely miss the gnoll bouda.
The gnoll bouda is almost dead.
The gnoll bouda barely misses you.
You hit the gnoll bouda. Your bite misses the gnoll bouda.
The gnoll bouda is almost dead.
The gnoll bouda barely misses you.
You hit the gnoll bouda.
You kill the gnoll bouda!
Aiming: Throw Flame
Press: ? - help, Shift-Dir - straight line, f/p - gnoll
Aim: a gnoll, wielding a +0 whip (lightly wounded, covering ground quickly, 77% to hit)
The puff of flame hits the gnoll!
The gnoll is severely wounded.
The gnoll is no longer moving quickly.
The gnoll hits you but does no damage.
The gnoll hits you from afar with a +0 spear.
* * * LOW HITPOINT WARNING * * *
Throw: throwing net
Press: ? - help, Q - select action, (/) - cycle Shift-Dir - straight line, f/p - gnoll
Aim: a gnoll, wielding a +0 whip (severely wounded, 66% to hit)
You throw a throwing net. The throwing net hits the gnoll.
The gnoll is caught in the net!
The gnoll is severely wounded.
The gnoll struggles against the net.
The gnoll hits you from afar with a +0 spear.
* * * LOW HITPOINT WARNING * * *
You hit the gnoll.
The gnoll is almost dead.
The gnoll struggles against the net.
The gnoll hits you but does no damage.
You hit the gnoll.
You kill the gnoll!
The gnoll hits you from afar with a +0 spear.
You die...

∆ #gg.....# ...##....
#.##.##.####. ........
#....g.......
#.....#.########.#......
#.....#.....[....#.#####
#.....#######........... .#
#.....#######g####.####. .#
#..........##)# ..... #
#........#.##@# #...#.#.#∆
# ##'##....#.##.# #.... ..
#####.##.........# #..#.#..
#.....##.....#####+#..... .
...)#######+..........#.#.#
#..#†..# #.........†#.#.##
#..#...# #...............#
#..#..... ##.......<.#.####
#..###._.# .........#.#


You could see a gnoll (swift).

Vanquished Creatures
  An ogre (D:4)
  A scorpion (D:4)
  A gnoll bouda (D:4)
  An orc wizard (D:4)
  Terence (D:3)
  3 gnolls
  6 adders
  2 worms
  2 dart slugs
  9 ball pythons
  10 endoplasms
  4 giant cockroaches
  5 goblins
  3 hobgoblins
  2 kobolds
  4 quokkas
  4 bats
  5 frilled lizards
  5 rats
69 creatures vanquished.

Notes
Turn   | Place    | Note
-------+----------+-------------------------------------------
     0 | D:1      | jtron the Gnoll Wanderer began the quest for the Orb.
     0 | D:1      | jtron set off with the following items: a +3 spear, a +0
                  | sling, a scroll of silence, a +0 leather armour.
     0 | D:1      | Reached XP level 1. HP: 20/20 MP: 1/1
    30 | D:1      | Reached XP level 2. HP: 21/26 MP: 2/2
   136 | D:1      | You fall into a shaft and drop 1 floor!
   203 | D:2      | Reached XP level 3. HP: 25/31 MP: 2/4
   299 | D:2      | Reached skill level 1 in Invocations
   482 | D:2      | Reached skill level 1 in Short Blades
   482 | D:2      | Reached skill level 1 in Long Blades
   482 | D:2      | Reached skill level 1 in Axes
   482 | D:2      | Reached skill level 1 in Maces & Flails
   482 | D:2      | Reached skill level 1 in Staves
   482 | D:2      | Reached skill level 1 in Throwing
   482 | D:2      | Reached skill level 1 in Armour
   482 | D:2      | Reached skill level 1 in Stealth
   482 | D:2      | Reached skill level 1 in Shields
   482 | D:2      | Reached skill level 1 in Unarmed Combat
   482 | D:2      | Reached skill level 1 in Spellcasting
   700 | D:1      | Reached XP level 4. HP: 38/38 MP: 5/5
  1168 | D:3      | Found an opulent altar of Gozag.
  1187 | D:3      | Reached skill level 1 in Conjurations
  1187 | D:3      | Reached skill level 1 in Hexes
  1187 | D:3      | Reached skill level 1 in Summonings
  1187 | D:3      | Reached skill level 1 in Necromancy
  1187 | D:3      | Reached skill level 1 in Translocations
  1187 | D:3      | Reached skill level 1 in Transmutations
  1187 | D:3      | Reached skill level 1 in Fire Magic
  1187 | D:3      | Reached skill level 1 in Ice Magic
  1187 | D:3      | Reached skill level 1 in Air Magic
  1187 | D:3      | Reached skill level 1 in Earth Magic
  1187 | D:3      | Reached skill level 1 in Poison Magic
  1387 | D:3      | Noticed Terence
  1405 | D:3      | Killed Terence
  1406 | D:3      | Reached XP level 5. HP: 36/43 MP: 5/7
  1599 | D:3      | Found a white marble altar of Elyvilon.
  1613 | D:3      | Became a worshipper of Elyvilon the Healer
  1913 | D:4      | Found an ancient bone altar of Kikubaaqudgha.
  1991 | D:4      | Found a hazy altar of Hepliaklqana.
  2208 | D:4      | Reached * piety under Elyvilon
  2222 | D:4      | Found a sacrificial altar of Ru.
  2232 | D:4      | Reached XP level 6. HP: 50/50 MP: 8/8
  2279 | D:4      | Reached skill level 5 in Fighting
  2279 | D:4      | Reached skill level 5 in Polearms
  2279 | D:4      | Reached skill level 5 in Ranged Weapons
  2279 | D:4      | Reached skill level 5 in Dodging
  2279 | D:4      | Reached skill level 5 in Evocations
  2323 | D:4      | Slain by a gnoll

Illustrated notes

Levels and vault maps discovered:
D:1:      lightli_arrival_maybe_door_vault, layout_basic, chequers_avenue,
          minmay_tetromino_s4
D:2:      layout_basic, kennysheep_decorative_pillar
D:3:      layout_rooms, mainiacjoe_overflow_alcove_4, grunt_gozag_statues,
          amethyst_killhole, grunt_decor_one_mirror, uniq_terence
D:4:      layout_basic, nicolae_hepliaklqana_hippocampus,
          mainiacjoe_overflow_six_doors_small,
          nicolae_ru_great_annihilating_truth, chequers_hall_statues_y,
          uniq_crazy_yiuf_cottage

Skill      XL: |  1  2  3  4  5  6 |
---------------+-------------------+-----
Invocations    | 1 2 |  2.4
Short Blades   | 1 2 |  2.1
Long Blades    | 1 2 |  2.1
Axes           | 1 2 |  2.1
Maces & Flails | 1 2 |  2.1
Staves         | 1 2 |  2.1
Throwing       | 1 2 |  2.1
Armour         | 1 2 |  2.1
Stealth        | 1 2 |  2.1
Shields        | 1 2 |  2.1
Unarmed Combat | 1 2 |  2.1
Spellcasting   | 1 2 |  2.1
Conjurations   | 1 |  1.7
Hexes          | 1 |  1.7
Summonings     | 1 |  1.7
Necromancy     | 1 |  1.7
Translocations | 1 |  1.7
Transmutations | 1 |  1.7
Fire Magic     | 1 |  1.7
Ice Magic      | 1 |  1.7
Air Magic      | 1 |  1.7
Earth Magic    | 1 |  1.7
Poison Magic   | 1 |  1.7
Fighting       | 5 |  5.1
Polearms       | 5 |  5.1
Ranged Weapons | 5 |  5.1
Dodging        | 5 |  5.1
Evocations     | 5 |  5.1

Action                   |  1- 3 |  4- 6 || total
-------------------------+-------+-------++-------
Melee: Spear             |    79 |   151 ||   230
       Bite              |     7 |    12 ||    19
       Punch             |     2 |     3 ||     5
 Fire: Sling             |       |     4 ||     4
Throw: Throwing net      |       |     1 ||     1
Evoke: Wand              |       |     4 ||     4
  Use: Scroll            |     1 |       ||     1
       Potion            |       |     3 ||     3
 Stab: Sleeping          |     2 |     2 ||     4
       Distracted        |       |     2 ||     2
Armor: Leather armour    |    22 |     6 ||    28
       Chain mail        |       |    26 ||    26
Dodge: Dodged            |    40 |    44 ||    84
